 Dungeon Crawl Stone Soup version 0.30-a0-166-g5d06c95188 (webtiles) character file.

Game seed: 2671889600896180726

168 qw the Chopper (level 5, -7/32 HPs)
             Began as a Gargoyle Fighter on Sept 29, 2022.
             Killed by divine providence
             ... invoked by an orc priest
              (13 damage)
             ... on level 3 of the Dungeon.
             The game lasted 00:01:01 (2922 turns).

qw the Chopper (Gargoyle Fighter)                   Turns: 2922, Time: 00:01:02

Health: -7/32      AC: 16    Str: 21    XL:     5   Next: 49%
Magic:  5/5        EV:  7    Int:  9    God:
Gold:   112        SH:  4    Dex:  9    Spells: 4/4 levels left

rFire   . . .      SeeInvis .    Y - +0 war axe (vorpal)
rCold   . . .      Faith    .    c - +0 buckler
rNeg    + . .      Spirit   .    n - +0 chain mail
rPois   inf        Reflect  .    a - +0 helmet
rElec   +          Harm     .    l - +0 cloak
rCorr   .          Rampage  .    f - +0 pair of gloves
Will    .....                    (no boots)
Stlth   ..........               (no amulet)
HPRegen 0.10/turn                (no ring)
MPRegen 0.09/turn                (no ring)

@: no status effects
A: sickness immunity, AC +4, negative energy resistance 1, electricity
resistance, torment resistance 1, petrification resistance
a: no special abilities


You were on level 3 of the Dungeon.
You visited 1 branch of the dungeon, and saw 3 of its levels.

You collected 112 gold pieces.


Innate Abilities, Weirdness & Mutations

You are immune to sickness and miasma.
Your stone body is resilient. (AC +4)
You are immune to poison.
You resist negative energy. (rN+)
You are resistant to electric shocks. (rElec)
You are resistant to unholy torment.
You are immune to petrification.


   Skills:
 + Level 3.2 Fighting
 - Level 5.0 Axes
 - Level 3.2 Armour
 - Level 3.2 Shields


You had 4 spell levels left.
You didn't know any spells.
Your spell library was empty.

Inventory:

Hand Weapons
 m - a +0 whip
 Y - a +0 vorpal war axe (weapon)
Armour
 a - a +0 helmet (worn)
 c - a +0 buckler (worn)
 f - a +0 pair of gloves (worn)
 l - a +0 cloak (worn)
 n - a +0 chain mail (worn)
Scrolls
 i - a scroll of identify
Potions
 d - a potion of might
 e - a potion of lignification
 g - a potion of resistance
 h - a potion of haste
 j - a potion of cancellation
 k - a potion of brilliance {unknown}

Dungeon Overview and Level Annotations

Branches:
Dungeon (3/15)

Altars:


Message History

You hit the orc priest but do no damage.
The orc priest is lightly wounded.
The orc priest calls down the wrath of Beogh upon you.
Pain shoots through your body!
The orc priest hits you but does no damage.
The orc priest begins to cast a cantrip, but forgets the words!
You hit the orc priest.
The orc priest is moderately wounded.
You hit the orc priest.
The orc priest hits you but does no damage.
The orc priest hits you with a +0 flail.
You barely miss the orc priest.
The orc priest is moderately wounded.
You hit the orc priest but do no damage.
You block the orc priest's attack.
The orc priest hits you but does no damage.
You hit the orc priest but do no damage.
The orc priest is moderately wounded.
You slash the orc priest!
You kill the orc priest!
You block the orc priest's attack.
A ball python comes into view.
The orc priest barely misses you.
The ball python moves out of view.
Your Axes skill increases to level 5!
You hit the orc priest.
The orc priest is moderately wounded.
The orc priest hits you with a +0 flail.
The ball python hisses angrily.
You hit the orc priest.
The orc priest is heavily wounded.
You block the orc priest's attack.
You barely miss the orc priest.
The orc priest is heavily wounded.
The orc priest casts a cantrip, but nothing happens.
The orc priest hits you but does no damage.
You closely miss the orc priest.
The orc priest is moderately wounded.
The orc priest mumbles some strange prayers to Beogh against you.
Beogh smites you!
You die...

.# #.#. ..#.#.#.
#.#.####.#.#.#.######
#.#........#.#......##
##........# #.#........
..........# #.##.....#
#.......# #.##.....#
...##.......###.##.....##
#..S..@o...........#...
#.#####)#.###.####.#(##
.## #.#.# #.#....#.#.
....##.#.# #.####.%.#.
.....!.#.###..........
#....@.#####..[.#
..[....#.##..# #....#
######.#.###.####.....
#.#.###...#####.#


You could see an orc priest and a ball python.

Vanquished Creatures
  An orc priest (D:3)
  Jessica (D:3)
  Terence (D:2)
  4 adders (D:2)
  A worm (D:2)
  A dart slug (D:2)
  An orc (D:3)
  4 bats
  6 endoplasms
  A giant cockroach (D:2)
  8 goblins
  3 hobgoblins
  4 jackals (D:1)
  2 quokkas (D:2)
  3 ball pythons
  2 frilled lizards
  2 kobolds
  2 rats
47 creatures vanquished.

Notes
Turn   | Place    | Note
-------+----------+-------------------------------------------
     0 | D:1      | qw the Gargoyle Fighter began the quest for the Orb.
     0 | D:1      | Reached XP level 1. HP: 14/14 MP: 1/1
     0 | D:1      | 0 ||| qw: Version: 0.2-a-12-gaebbb33
     0 | D:1      | 0 ||| qw: Game counter: 1043
     0 | D:1      | 0 ||| qw: Always use a shield: true
     0 | D:1      | 0 ||| qw: God list: Okawaru
     0 | D:1      | 0 ||| qw: Allow faded altars: false
     0 | D:1      | 0 ||| qw: Do Orc after D:15 true
     0 | D:1      | 0 ||| qw: Do second Lair branch before Depths: true
     0 | D:1      | 0 ||| qw: Lair rune preference: random
     0 | D:1      | 0 ||| qw: Plans: Normal, Zot:1-4, God:TSO, Crypt, Tomb,
                  | Pan, Slime:5, Hells, Abyss, Orb
     0 | D:1      | 0 ||| PLANNING D:1-11
    39 | D:1      | 39 ||| Stepping ~*~*~tactically~*~*~ (stealth).
    44 | D:1      | Reached skill level 2 in Axes
   158 | D:1      | 158 ||| Stepping ~*~*~tactically~*~*~ (stealth).
   162 | D:1      | 162 ||| Stepping ~*~*~tactically~*~*~ (stealth).
   308 | D:1      | Reached XP level 2. HP: 14/19 MP: 2/2
   784 | D:1      | Found a faded altar of an unknown god.
  1051 | D:1      | 1051 ||| DROPPING +0 club.
  1064 | D:1      | 1064 ||| Stepping ~*~*~tactically~*~*~ (stealth).
  1099 | D:1      | Reached skill level 3 in Axes
  1104 | D:1      | Reached XP level 3. HP: 15/23 MP: 3/3
  1426 | D:1      | 1426 ||| UPGRADING to +0 cloak.
  1431 | D:1      | 1431 ||| READING scroll labelled JALEMP KEILE.
  1432 | D:1      | 1432 ||| READING scroll labelled VAIW NANNOSU.
  1436 | D:1      | 1436 ||| READING scroll labelled UJULIN EZETED.
  1478 | D:2      | 1478 ||| Stepping ~*~*~tactically~*~*~ (stealth).
  1482 | D:2      | 1482 ||| Stepping ~*~*~tactically~*~*~ (hiding).
  1612 | D:2      | 1612 ||| READING scroll of brand weapon.
  1612 | D:2      | 1612 ||| BRANDING +0 war axe of freezing.
  2014 | D:2      | Reached XP level 4. HP: 28/28 MP: 4/4
  2209 | D:2      | Reached skill level 4 in Axes
  2508 | D:2      | Noticed Terence
  2509 | D:2      | 2509 ||| Stepping ~*~*~tactically~*~*~ (stealth).
  2510 | D:2      | 2510 ||| Stepping ~*~*~tactically~*~*~ (stealth).
  2511 | D:2      | 2511 ||| Stepping ~*~*~tactically~*~*~ (stealth).
  2520 | D:2      | Killed Terence
  2636 | D:2      | 2636 ||| UPGRADING to +0 helmet.
  2641 | D:2      | 2641 ||| UPGRADING to +0 pair of gloves.
  2646 | D:2      | 2646 ||| UPGRADING to +0 chain mail.
  2656 | D:2      | 2656 ||| DROPPING +0 scale mail.
  2657 | D:2      | 2657 ||| DRINKING 2 glowing purple potions.
  2658 | D:2      | 2658 ||| READING 4 scrolls of identify.
  2658 | D:2      | 2658 ||| IDENTIFYING smoky purple potion
  2659 | D:2      | 2659 ||| READING 3 scrolls of identify.
  2659 | D:2      | 2659 ||| IDENTIFYING coppery potion
  2660 | D:2      | 2660 ||| READING 2 scrolls of identify.
  2660 | D:2      | 2660 ||| IDENTIFYING fuming emerald potion
  2721 | D:3      | Noticed Jessica
  2722 | D:3      | 2722 ||| FLEEEEING.
  2728 | D:3      | 2728 ||| FLEEEEING.
  2730 | D:3      | 2730 ||| FLEEEEING.
  2731 | D:3      | 2731 ||| FLEEEEING.
  2733 | D:3      | 2733 ||| Stepping ~*~*~tactically~*~*~ (hiding).
  2734 | D:3      | 2734 ||| Stepping ~*~*~tactically~*~*~ (hiding).
  2739 | D:3      | Killed Jessica
  2740 | D:3      | Reached XP level 5. HP: 20/32 MP: 5/5
  2766 | D:3      | 2766 ||| FLEEEEING.
  2767 | D:3      | 2767 ||| FLEEEEING.
  2768 | D:3      | 2768 ||| FLEEEEING.
  2771 | D:3      | 2771 ||| STAIRDANCE
  2856 | D:2      | 2856 ||| READING scroll labelled FENGESAOCO.
  2870 | D:3      | 2870 ||| Stepping ~*~*~tactically~*~*~ (stealth).
  2875 | D:3      | 2875 ||| Stepping ~*~*~tactically~*~*~ (stealth).
  2900 | D:3      | 2900 ||| Stepping ~*~*~tactically~*~*~ (stealth).
  2901 | D:3      | 2901 ||| Stepping ~*~*~tactically~*~*~ (stealth).
  2908 | D:3      | 2908 ||| Stepping ~*~*~tactically~*~*~ (stealth).
  2909 | D:3      | 2909 ||| Stepping ~*~*~tactically~*~*~ (stealth).
  2911 | D:3      | 2911 ||| Stepping ~*~*~tactically~*~*~ (hiding).
  2919 | D:3      | Reached skill level 5 in Axes
  2919 | D:3      | HP: 5/32 [orc priest/+0 flail (5)]
  2922 | D:3      | Killed from afar by an orc priest

Levels and vault maps discovered:
D:1:      giann_forest_graveyard, layout_basic,
          dreamdust_ecumenical_altar_angels_and_demons, interstate_on_off
D:2:      layout_loops_ring, st_stairs_9, minmay_hedge_maze,
          small_statue_intersection, kennysheep_generic_room_10, uniq_terence
D:3:      layout_basic, minmay_overflow_temple_hex, uniq_ijyb, uniq_jessica,
          uniq_sigmund

Skill      XL: |  1  2  3  4  5 |
---------------+----------------+-----
Axes           | 2 3 4 5 |  5.0
Fighting       | |  3.2
Armour         | |  3.2
Shields        | |  3.2

Action                   |  1- 3 |  4- 6 || total
-------------------------+-------+-------++-------
Melee: War axe           |   101 |    72 ||   173
  Use: Scroll            |     4 |     4 ||     8
       Potion            |       |     1 ||     1
Armor: Scale mail        |    59 |    32 ||    91
       Chain mail        |       |     7 ||     7
Dodge: Dodged            |    36 |    21 ||    57
Block: Buckler           |    13 |    17 ||    30

Table legend:
 A = Non-vault XP
 B = Vault XP
 C = Vault XP percentage of total XP
 D = Non-vault monster count
 E = Vault monster count
 F = Vault count percentage of total count
                 A         B        C        D         E       F
            +---------+---------+-------+---------+---------+-------
      Total |     143 |      98 |  40.7 |      41 |       6 |  12.8
            +---------+---------+-------+---------+---------+-------
        D:1 |      35 |       0 |   0.0 |      20 |       0 |   0.0
        D:2 |      55 |      61 |  52.6 |      15 |       5 |  25.0
        D:3 |      53 |      37 |  41.1 |       6 |       1 |  14.3
            +---------+---------+-------+---------+---------+-------
